 Dungeon Crawl Stone Soup version 0.30-a0-585-g93115170b9 (webtiles) character file.

Game seed: 11748102791355815833

287 Persephone the Skirmisher (level 6, 0/51 HPs)
             Began as a Gnoll Hunter on Jan 1, 2023.
             Slain by an orc
             ... wielding a +0 dagger
              (3 damage)
             ... on level 4 of the Dungeon.
             The game lasted 00:05:27 (2518 turns).

Persephone the Skirmisher (Gnoll Hunter)            Turns: 2518, Time: 00:05:28

Health: 0/51       AC:  4    Str: 10    XL:     6   Next: 30%
Magic:  9/9        EV: 14    Int:  9    God:
Gold:   168        SH:  5    Dex: 17    Spells: 8/9 levels left

rFire   + . .      SeeInvis .    a - +0 shortbow
rCold   . . .      Faith    .    (shield currently unavailable)
rNeg    . . .      Spirit   .    c - +1 leather armour
rPois   .          Reflect  +    (no helmet)
rElec   .          Harm     .    (no cloak)
rCorr   .          Rampage  .    (no gloves)
Will    .....                    (no boots)
Stlth   ++                       e - amulet of reflection
HPRegen 0.28/turn                f - ring of protection from fire
MPRegen 0.11/turn                o - ring of wizardry

@: lethally poisoned (0 -> -3)
A: fangs 1, strong nose, distributed training, hooves 1
a: no special abilities


You were on level 4 of the Dungeon.
You visited 1 branch of the dungeon, and saw 4 of its levels.

You collected 168 gold pieces.

Inventory:

Hand Weapons
 a - a +0 shortbow (weapon)
Missiles
 n - a throwing net
Armour
 c - a +1 leather armour (worn)
Jewellery
 e - an amulet of reflection (around neck)
 f - a ring of protection from fire (left hand)
 o - a ring of wizardry (right hand)
Wands
 i - a wand of iceblast (5)
Scrolls
 b - a scroll of immolation
 g - a scroll of identify
 k - a scroll of poison {unknown}
Potions
 h - a potion of mutation
 j - a potion of magic
 l - a potion of berserk rage {unknown}


   Skills:
 + Level 5.0 Fighting
 + Level 2.0 Short Blades
 + Level 2.0 Long Blades
 + Level 2.0 Axes
 + Level 2.0 Maces & Flails
 + Level 2.0 Polearms
 + Level 2.0 Staves
 + Level 8.7 Ranged Weapons
 + Level 2.0 Throwing
 + Level 2.0 Armour
 + Level 5.0 Dodging
 + Level 3.1 Stealth
 + Level 2.0 Shields
 + Level 2.0 Unarmed Combat
 + Level 2.0 Spellcasting
 + Level 1.5 Conjurations
 + Level 1.5 Hexes
 + Level 1.5 Summonings
 + Level 1.5 Necromancy
 + Level 1.5 Translocations
 + Level 1.5 Transmutations
 + Level 1.5 Fire Magic
 + Level 1.5 Ice Magic
 + Level 1.5 Air Magic
 + Level 1.5 Earth Magic
 + Level 1.5 Poison Magic
 + Level 2.2 Invocations
 + Level 2.0 Evocations


You had 8 spell levels left.
You knew the following spells:

 Your Spells              Type           Power      Damage    Failure   Level
a - Apportation           Tloc           6%         N/A       9%          1

Your spell library contained the following spells:

 Spells                   Type           Power      Damage    Failure   Level
 Freeze                   Ice            12%        1d3       9%          1
 Frozen Ramparts          Ice            6%         1d1       26%         3
 Hailstorm                Conj/Ice       3%         3d3       26%         3
 Alistair's Intoxication  Tmut/Pois      2%         N/A       91%         5


Dungeon Overview and Level Annotations

Branches:
Dungeon (4/15)
 Temple: D:4-7

Altars:

Shops:
D:2 *   D:3 [


Innate Abilities, Weirdness & Mutations

You have very sharp teeth.
Your uncanny sense of smell can sniff out nearby items.
Your experience applies equally to all skills.
You have large cloven feet.


Message History

Press: ? - help, Shift-Dir - straight line, f - adder
Aim: an adder (51% to hit)
You shoot an arrow. The arrow hits the adder.
The adder is lightly wounded.
* * * LOW HITPOINT WARNING * * *
You feel sick. The adder misses you. The gnoll barely misses you.
The orc barely misses you. You block the adder's attack.
You feel better. The adder bites you but does no damage.
You block the gnoll's attack. The orc closely misses you.
It was a potion of mutation.
You feel extremely strange.
Your feet thicken and deform.
The adder closely misses you.
The gnoll hits you from afar with a +0 spear.
* * * LOW HITPOINT WARNING * * *
The orc barely misses you.
Fire: a) +0 shortbow
Press: ? - help, Shift-Dir - straight line, f/p - adder
Aim: an adder (lightly wounded, 51% to hit)
You shoot an arrow. The arrow misses the adder.
The adder barely misses you.
The gnoll hits you from afar with a +0 spear.
* * * LOW HITPOINT WARNING * * *
The orc closely misses you. The adder barely misses you.
Fire: a) +0 shortbow
Press: ? - help, Shift-Dir - straight line, f/p - adder
Aim: an adder (lightly wounded, 51% to hit)
You shoot an arrow. The arrow closely misses the adder.
The adder misses you. The orc barely misses you. The gnoll closely misses you.
Fire: a) +0 shortbow
Press: ? - help, Shift-Dir - straight line, f/p - adder
Aim: an adder (lightly wounded, 51% to hit)
You shoot an arrow. The arrow barely misses the adder.
The adder bites you.
* * * LOW HITPOINT WARNING * * *
You are lethally poisoned!
The adder poisons you! The gnoll closely misses you.
You block the orc's attack.
It was a potion of magic.
Magic courses through your body.
* * * LOW HITPOINT WARNING * * *
You feel sick. The adder closely misses you. The gnoll barely misses you.
The orc hits you with a +0 dagger.
You die...

#.. .....
..##.... ∆ ##
#.....#
##.##.....#
#........#
#....g...#####
#.............
##..##<......#
##.@)).....$#
#÷oS.#.....#
#g...#......
#......S....
#..........#
.....##.....
#.<.#.. .....
...##... ..


You could see a gnoll, an adder and an orc.

Vanquished Creatures
  Jessica (D:3)
  An iguana (D:3)
  Natasha (thrice) (D:2)
  Robin (D:2)
  3 gnolls
  4 adders
  2 worms (D:2)
  2 dart slugs
  An orc (D:2)
  5 bats
  7 endoplasms
  3 giant cockroaches
  9 goblins
  10 hobgoblins
  2 jackals
  6 kobolds
  A quokka (D:1)
  10 ball pythons
  4 frilled lizards
  3 rats
78 creatures vanquished.

Vanquished Creatures (others)
  5 toadstools (D:1)
5 creatures vanquished.

Grand Total: 83 creatures vanquished

Notes
Turn   | Place    | Note
-------+----------+-------------------------------------------
     0 | D:1      | Persephone the Gnoll Hunter began the quest for the Orb.
     0 | D:1      | Reached XP level 1. HP: 20/20 MP: 1/1
   145 | D:1      | Reached XP level 2. HP: 26/26 MP: 2/2
   227 | D:1      | Learned a level 1 spell: Apportation
   602 | D:2      | Noticed Natasha
   612 | D:2      | Killed Natasha
   613 | D:2      | Reached skill level 1 in Short Blades
   613 | D:2      | Reached skill level 1 in Long Blades
   613 | D:2      | Reached skill level 1 in Axes
   613 | D:2      | Reached skill level 1 in Maces & Flails
   613 | D:2      | Reached skill level 1 in Polearms
   613 | D:2      | Reached skill level 1 in Staves
   613 | D:2      | Reached skill level 1 in Throwing
   613 | D:2      | Reached skill level 1 in Armour
   613 | D:2      | Reached skill level 1 in Shields
   613 | D:2      | Reached skill level 1 in Unarmed Combat
   613 | D:2      | Reached skill level 1 in Spellcasting
   613 | D:2      | Reached skill level 1 in Invocations
   613 | D:2      | Reached skill level 1 in Evocations
   613 | D:2      | Reached XP level 3. HP: 13/31 MP: 2/4
   718 | D:2      | Reached XP level 4. HP: 38/38 MP: 5/5
   749 | D:2      | Noticed Natasha
   764 | D:2      | Killed Natasha
   765 | D:2      | Reached skill level 1 in Conjurations
   765 | D:2      | Reached skill level 1 in Hexes
   765 | D:2      | Reached skill level 1 in Summonings
   765 | D:2      | Reached skill level 1 in Necromancy
   765 | D:2      | Reached skill level 1 in Translocations
   765 | D:2      | Reached skill level 1 in Transmutations
   765 | D:2      | Reached skill level 1 in Fire Magic
   765 | D:2      | Reached skill level 1 in Ice Magic
   765 | D:2      | Reached skill level 1 in Air Magic
   765 | D:2      | Reached skill level 1 in Earth Magic
   765 | D:2      | Reached skill level 1 in Poison Magic
   876 | D:2      | Noticed Natasha
   882 | D:2      | Killed Natasha
  1017 | D:2      | Reached XP level 5. HP: 43/43 MP: 7/7
  1052 | D:2      | Noticed Robin
  1093 | D:2      | Killed Robin
  1190 | D:2      | Found Nuewkioz's Assorted Antiques.
  1396 | D:3      | Found Koddyly's Antique Armour Emporium.
  1995 | D:3      | Noticed Jessica
  2003 | D:3      | Killed Jessica
  2004 | D:3      | Reached XP level 6. HP: 50/50 MP: 8/8
  2312 | D:4      | Reached skill level 5 in Fighting
  2312 | D:4      | Reached skill level 5 in Dodging
  2511 | D:4      | HP: 2/51 [gnoll/+0 spear (6)]
  2514 | D:4      | Gained mutation: You have large cloven feet. [potion of
                  | mutation]
  2518 | D:4      | Slain by an orc

Illustrated notes

Levels and vault maps discovered:
D:1:      ldierk_walled_garden, layout_basic, chequers_serial_rivers_small_b,
          hangedman_feature_mirror
D:2:      layout_basic, serial_shops, nicolae_shop_waterfront, uniq_natasha,
          uniq_robin
D:3:      layout_basic, serial_shops, shop, minmay_crystal_room,
          minmay_quantized, uniq_jessica
D:4:      layout_cave_pools, kennysheep_mini_moat, mainiacjoe_overflow_catwalk,
          tgw_trog, elyvilon_altar_5, amcnicky_altar_gilded

Skill      XL: |  1  2  3  4  5  6 |
---------------+-------------------+-----
Short Blades   | 1 2 |  2.0
Long Blades    | 1 2 |  2.0
Axes           | 1 2 |  2.0
Maces & Flails | 1 2 |  2.0
Polearms       | 1 2 |  2.0
Staves         | 1 2 |  2.0
Throwing       | 1 2 |  2.0
Armour         | 1 2 |  2.0
Shields        | 1 2 |  2.0
Unarmed Combat | 1 2 |  2.0
Spellcasting   | 1 2 |  2.0
Invocations    | 1 2 |  2.2
Evocations     | 1 2 |  2.0
Conjurations   | 1 |  1.5
Hexes          | 1 |  1.5
Summonings     | 1 |  1.5
Necromancy     | 1 |  1.5
Translocations | 1 |  1.5
Transmutations | 1 |  1.5
Fire Magic     | 1 |  1.5
Ice Magic      | 1 |  1.5
Air Magic      | 1 |  1.5
Earth Magic    | 1 |  1.5
Poison Magic   | 1 |  1.5
Stealth        | 3 |  3.1
Fighting       | 5 |  5.0
Dodging        | 5 |  5.0
Ranged Weapons | |  8.7

Action                   |  1- 3 |  4- 6 || total
-------------------------+-------+-------++-------
 Fire: Shortbow          |    50 |   179 ||   229
Throw: Throwing net      |       |     1 ||     1
  Use: Scroll            |       |     5 ||     5
       Potion            |       |     4 ||     4
Armor: Leather armour    |     1 |    24 ||    25
Dodge: Dodged            |     6 |   104 ||   110
Block: Other             |     1 |    23 ||    24

Table legend: (Time is in decaauts)
 A = Elapsed time spent in this place.
 B = Non-inter-level travel time spent in this place.
 C = Inter-level travel time spent in this place.
 D = Time resting spent in this place.
 E = Time spent auto-exploring this place.
 F = Levels seen in this place.
 G = Mean time per level.
                   A        B        C        D        E       F      G
               +--------+--------+--------+--------+--------+-----+--------+
         Total |   2555 |   2354 |    201 |      0 |   1939 |   4 |  638.8 |
       Dungeon |   2555 |   2354 |    201 |      0 |   1939 |   4 |  638.8 |
               +--------+--------+--------+--------+--------+-----+--------+

Top non-repeatable levels by time:
     D:3: 1114 daAuts
     D:2: 727 daAuts
     D:1: 674 daAuts
     D:4: 38 daAuts
